 Dungeon Crawl Stone Soup version 0.29.1-15-g9cfb28693d (webtiles) character file.

Game seed: 16540821698703670932

28 Anriel the Slasher (level 3, 22/30 HPs)
             Began as a Minotaur Gladiator on Mar 15, 2023.
             Got out of the dungeon alive.
             The game lasted 00:02:48 (952 turns).

Anriel the Slasher (Minotaur Gladiator)              Turns: 952, Time: 00:02:48

Health: 22/30      AC:  3    Str: 20    XL:     3   Next: 0%
Magic:  2/2        EV: 12    Int:  5    God:
Gold:   73         SH:  0    Dex: 11    Spells: 2/2 levels left

rFire   . . .      SeeInvis .   a - +0 long sword
rCold   . . .      Faith    .   (no shield)
rNeg    . . .      Spirit   .   b - +0 leather armour
rPois   .          Reflect  .   c - +0 hat
rElec   .          Harm     .   (no cloak)
rCorr   .          Rampage  .   (no gloves)
Will    .....                   (no boots)
Stlth   +.........              (no amulet)
HPRegen 0.10/turn               (no ring)
MPRegen 0.08/turn               (no ring)

@: no status effects
A: horns 2, retaliatory headbutt
a: no special abilities


You escaped.
You visited 1 branch of the dungeon, and saw 2 of its levels.

You collected 73 gold pieces.

Inventory:

Hand Weapons
 a - a +0 long sword (weapon)
Missiles
 d - 3 throwing nets (quivered)
 e - a javelin
Armour
 b - a +0 leather armour (worn)
 c - a +0 hat (worn)
 g - an orb of mayhem
Potions
 f - a potion of heal wounds {unknown}
 h - a potion of mutation {unknown}


   Skills:
 + Level 2.8 Fighting
 * Level 4.2 Long Blades
 - Level 2.0 Throwing
 * Level 3.9 Dodging


You had 2 spell levels left.
You didn't know any spells.
Your spell library was empty.

Dungeon Overview and Level Annotations

Branches:
Dungeon (2/15)

Altars:


Innate Abilities, Weirdness & Mutations

You have a pair of horns on your head.
You reflexively headbutt those who attack you in melee.


Message History

There is a stone staircase leading up here.
An adder is nearby!
You miss the adder. The adder bites you but does no damage.
The adder bites you.
You are poisoned.
The adder poisons you!
You slash the adder!
The adder is severely wounded.
You feel sick. The adder closely misses you.
You barely miss the adder.
The adder is severely wounded.
You feel sick. The adder closely misses you. The adder misses you.
You closely miss the adder.
The adder is severely wounded.
You feel sick. The adder closely misses you.
You miss the adder.
The adder is severely wounded.
You feel sick. The adder closely misses you.
The adder bites you but does no damage.
You miss the adder.
The adder is severely wounded.
You feel sick.
You are no longer poisoned.
The adder closely misses you.
You barely miss the adder.
The adder is severely wounded.
The adder barely misses you. You furiously retaliate!
You headbutt the adder!
You kill the adder!
You have reached level 3!
Your experience leads to an increase in your attributes!
Increase (S)trength, (I)ntelligence, or (D)exterity?
You feel stronger. x2
There is a stone staircase leading up here.
You climb upwards.
There is a stone staircase leading down here.
There is a staircase leading out of the dungeon here.
Are you sure you want to leave the Dungeon?
This will make you lose the game!
Alright, then stay!
Are you sure you want to leave the Dungeon?
This will make you lose the game!
You have escaped!

....##...............#..'.......#
....##...............#.##...###.#
....##...............#......# #)#
.#####...............##########.#
.# #########..................#
.# ##.......#####^#######
.######## #....∩....# #.# #
÷.......# #.........## #.# #
........# #....@.....# #.#######
........# #....>.....###.#......
........# #..⌠...⌠.....#.#.#####
........# #............#.#.####.
........#####.......#............
...............>.........~.~⌠~~~~
#####'#########..........~.PP...~
#####.#########.#####....~.####.P
#............##.#...'....⌠.#_..P⌠


There were no monsters in sight!

Vanquished Creatures
  An adder (D:2)
  A dart slug (D:1)
  A bat (D:1)
  A goblin (D:1)
  A hobgoblin (D:1)
  4 jackals (D:1)
  A kobold (D:1)
  A quokka (D:1)
  3 ball pythons (D:1)
  A frilled lizard (D:1)
  A rat (D:1)
16 creatures vanquished.

Notes
Turn   | Place    | Note
-------+----------+-------------------------------------------
     0 | D:1      | Anriel the Minotaur Gladiator began the quest for the Orb.
     0 | D:1      | Reached XP level 1. HP: 18/18 MP: 0/0
    82 | D:1      | Found a faded altar of an unknown god.
   386 | D:1      | Reached XP level 2. HP: 17/25 MP: 1/1
   461 | D:1      | Reached skill level 4 in Long Blades
   943 | D:2      | Reached XP level 3. HP: 21/30 MP: 2/2
   952 | D:$      | Got out of the dungeon alive.

Illustrated notes

Levels and vault maps discovered:
D:1:      wander_arrival_desolate, layout_basic,
          shapermc_ecumenical_altar_acropolis
D:2:      layout_rooms, hangedman_decor_growths

Skill      XL: |  1  2 |
---------------+-------+-----
Long Blades    | 4 |  4.2
Fighting       | |  2.8
Throwing       | |  2.0
Dodging        | |  3.9

Action                   || total
-------------------------++-------
Melee: Long sword        ||    30
       Headbutt          ||     4
Armor: Leather armour    ||     9
Dodge: Dodged            ||    27
